 Dungeon Crawl Stone Soup version 0.28.0-1-gb440e238dd (webtiles) character file.

Game seed: 8343001384575108481

753 Kaptain the Magician (level 7, -5/45 HPs)
             Began as a Deep Elf Earth Elementalist on Feb 23, 2022.
             Slain by a water moccasin (7 damage)
             ... on level 5 of the Dungeon.
             The game lasted 00:12:50 (6159 turns).

Kaptain the Magician (Deep Elf Earth Elementalist)  Turns: 6159, Time: 00:12:51

Health: -5/45      AC:  3    Str:  7      XL:     7   Next: 49%
Magic:  9/18       EV: 12    Int: 22      God:
Gold:   140        SH:  0    Dex: 14 (15) Spells: 14/18 levels left

rFire   . . .      SeeInvis .   f - +8 woodcutter's axe {vorpal}
rCold   . . .      Faith    .   (no shield)
rNeg    . . .      Spirit   .   n - +0 leather armour
rPois   .          Reflect  .   (no helmet)
rElec   .          Harm     .   (no cloak)
rCorr   +          Rampage  .   (no gloves)
Will    .....                   (no boots)
Stlth   ++........              (no amulet)
HPRegen 0.15/turn               i - ring of resist corrosion
MPRegen 0.16/turn               (no ring)

@: brilliant, lethally poisoned (-5 -> -8)
A: robust 1, strong 1
a: no special abilities


You were on level 5 of the Dungeon.
You visited 1 branch of the dungeon, and saw 5 of its levels.
You also visited: Sewer.

You collected 140 gold pieces.

Inventory:

Hand Weapons
 a - a +0 dagger
 d - a +0 short sword
 f - the +8 woodcutter's axe (weapon) {vorpal}
   (You found it on level 2 of the Dungeon)

   It inflicts extra damage upon your enemies.
 g - a +0 falchion
 k - a +0 hunting sling
 t - a +0 rapier
Missiles
 b - 7 poisoned darts (quivered)
 c - 74 stones
 h - 4 javelins
Armour
 n - a +0 leather armour (worn)
Jewellery
 i - a ring of resist corrosion (left hand)
Scrolls
 o - 2 scrolls of teleportation
 r - a scroll of enchant weapon {unknown}
 u - 3 scrolls of blinking
 w - 2 scrolls of identify
 y - a scroll of immolation {unknown}
Potions
 e - 2 potions of brilliance
 j - 2 potions of heal wounds {unknown}
 l - 2 potions of mutation
 m - 2 potions of magic {unknown}
 p - a potion of curing {unknown}
 q - 2 potions of cancellation
 s - a potion of invisibility {unknown}
 v - a potion of might {unknown}
 x - a potion of attraction {unknown}


   Skills:
 * Level 3.2 Fighting
 + Level 0.3 Armour
 + Level 2.6 Dodging
 + Level 2.6 Stealth
 * Level 6.1 Spellcasting
 * Level 4.0 Conjurations
 - Level 1.1 Transmutations
 * Level 5.6 Earth Magic


You had 14 spell levels left.
You knew the following spells:

 Your Spells              Type           Power      Damage    Failure   Level
a - Sandblast             Erth           94%        2d19      1%          1
b - Stone Arrow           Conj/Erth      84%        3d12      5%          3

Your spell library contained the following spells:

 Spells                   Type           Power      Damage    Failure   Level
 Passwall                 Tmut/Erth      26%        N/A       4%          2
 Petrify                  Tmut/Erth      32%        N/A       32%         4


Dungeon Overview and Level Annotations

Branches:
Dungeon (5/15)              Sewer (visited)
 Temple: D:4-7

Altars:
Qazlal


Innate Abilities, Weirdness & Mutations

You are robust. (+10% HP)
Your muscles are strong. (Str +2)


Message History

c - 76 stones
Casting: Sandblast (safe; 1% risk of failure)
Confirm with . or Enter, or press ? or * to list all spells.
Aiming: Sandblast (safe; 1% risk of failure)
Press: ? - help, Shift-Dir - straight line, f - water moccasin
Aim: a water moccasin (70% to hit)
The blast of sand misses the water moccasin.
c - 75 stones The water moccasin completely misses you.
Casting: Sandblast (safe; 1% risk of failure)
Confirm with . or Enter, or press ? or * to list all spells.
Aiming: Sandblast (safe; 1% risk of failure)
Press: ? - help, Shift-Dir - straight line, f/p - water moccasin
Aim: a water moccasin (70% to hit)
The blast of sand hits the water moccasin.
The water moccasin is lightly wounded.
c - 74 stones The water moccasin bites you.
The water moccasin closely misses you. The orc hits you with a +0 mace.
The water moccasin bites you.
There is an open door here.
The water moccasin bites you!
You are poisoned.
The water moccasin poisons you!
You feel very sick.
You feel very sick.
You feel sick. The water moccasin barely misses you.
You feel sick.
You feel sick. The water moccasin bites you.
* * * LOW HITPOINT WARNING * * *
Unknown command.
It was a potion of brilliance.
You feel clever all of a sudden.
You feel sick. The water moccasin bites you.
* * * LOW HITPOINT WARNING * * *
It was a potion of mutation.
You feel extremely strange.
You feel robust.
You feel stronger.
* * * LOW HITPOINT WARNING * * *
You feel sick. The water moccasin bites you!
You die...

#.................
.#.#.............
#.##'####..... #
#.......##..
#..##..........
##.#...........
#.o............
##S#...........
#@#..........
#.#.......# #.#.#.....#
#.#.......# #.#..#....#
#######.##.#.####
#.......#..#.#
#####.###..#<#
#######.###..#.#######.


You could see a water moccasin and an orc.

Vanquished Creatures
  Menkaure (D:4)
  An ogre (D:4)
  A phantom (D:4)
  3 jellies (Sewer)
  A bullfrog skeleton (D:4)
  An orc wizard (D:5)
  8 gnolls (D:2)
  A river rat (Sewer)
  13 adders
  An ufetubus (D:4)
  2 dart slugs
  2 orcs
  6 ball pythons
  23 endoplasms
  11 giant cockroaches
  10 hobgoblins
  5 jackals
  6 quokkas
  3 bats
  8 frilled lizards
  9 goblins
  8 kobolds
  8 rats
132 creatures vanquished.

Notes
Turn   | Place    | Note
-------+----------+-------------------------------------------
     0 | D:1      | Kaptain the Deep Elf Earth Elementalist began the quest for
                  | the Orb.
     0 | D:1      | Reached XP level 1. HP: 10/10 MP: 6/6
   150 | D:1      | Reached XP level 2. HP: 8/15 MP: 0/8
  1206 | D:1      | Reached XP level 3. HP: 17/20 MP: 10/10
  1222 | D:1      | Learned a level 3 spell: Stone Arrow
  1296 | D:1      | Found a faded altar of an unknown god.
  2069 | D:2      | Reached skill level 1 in Fighting
  2069 | D:2      | Reached skill level 1 in Conjurations
  2542 | D:2      | Reached XP level 4. HP: 23/25 MP: 8/11
  2647 | D:2      | Reached skill level 4 in Spellcasting
  2928 | D:2      | Reached XP level 5. HP: 30/30 MP: 3/13
  3007 | D:2      | Found the +8 woodcutter's axe {vorpal}
  3760 | D:3      | Found a glowing drain.
  3766 | Sewer    | Entered a sewer
  4296 | Sewer    | Reached XP level 6. HP: 27/35 MP: 13/15
  4434 | Sewer    | Reached skill level 5 in Spellcasting
  4668 | Sewer    | Found a shimmering altar of Xom.
  5218 | D:4      | Found a stormy altar of Qazlal.
  5228 | D:4      | Reached skill level 5 in Earth Magic
  5493 | D:4      | Reached XP level 7. HP: 15/40 MP: 7/17
  5713 | D:4      | Noticed Menkaure
  5718 | D:4      | Killed Menkaure
  5719 | D:4      | Reached skill level 6 in Spellcasting
  6094 | D:5      | Entered Level 5 of the Dungeon
  6159 | D:5      | Gained mutation: You are robust. (+10% HP) [potion of
                  | mutation]
  6159 | D:5      | Gained mutation: Your muscles are strong. (Str +2) [potion
                  | of mutation]
  6159 | D:5      | HP: 2/45 [poisoned by a water moccasin]
  6159 | D:5      | Slain by a water moccasin

Illustrated notes

Levels and vault maps discovered:
D:1:      tarquinn_simple_flora_water_c, layout_basic, basic_ecumenical_altar
D:2:      layout_rooms, serial_glass, glass_columns_a, glass_columns_b,
          pf_guarded_unrand_woodcutter
D:3:      layout_rooms, gup_sewer_entry_bubbles
D:4:      cheibrodos_old_hovel, layout_basic, mainiacjoe_overflow_tiny_flanked,
          uniq_menkaure
D:5:      layout_basic, minmay_temple_entry_drinking_statues,
          uniq_blork_the_orc, uniq_crazy_yiuf_cottage

Skill      XL: |  1  2  3  4  5  6  7 |
---------------+----------------------+-----
Fighting       | 1 2 3 |  3.2
Conjurations   | 1 2 3 4 |  4.0
Earth Magic    | 4 5 |  5.6
Spellcasting   | 4 5 6 |  6.1
Armour         | |  0.3
Dodging        | |  2.6
Stealth        | |  2.6
Transmutations | |  1.1

Action                   |  1- 3 |  4- 6 |  7- 9 || total
-------------------------+-------+-------+-------++-------
Melee: Unarmed           |     5 |       |       ||     5
       Short sword       |    62 |       |       ||    62
       Punch             |     2 |       |       ||     2
       Falchion          |    23 |     7 |       ||    30
       War axe           |       |    75 |     1 ||    76
 Cast: Sandblast         |    38 |    66 |     3 ||   107
       Stone Arrow       |       |     4 |    10 ||    14
  Use: Scroll            |       |     4 |       ||     4
       Potion            |       |     3 |     2 ||     5
 Stab: Sleeping          |       |     4 |       ||     4
Armor: Robe              |    10 |       |       ||    10
       Leather armour    |       |    26 |     2 ||    28
Dodge: Dodged            |    80 |    60 |     3 ||   143
